 Dungeon Sprint DCSS version 0.30-a0-122-g2a1322497e (webtiles) character file.

Game seed: 12349399610837789934

1135 fingers the Fighter (level 8, -4/147 HPs)
             Began as an Ogre Monk on Sept 16, 2022.
             Was a High Priest of Trog.
             Slain by an air elemental (8 damage)
             ... in the Dungeon (Sprint V: "Ziggurat Sprint").
             The game lasted 00:03:11 (1036 turns).

fingers the Fighter (Ogre Monk)                     Turns: 1036, Time: 00:03:12

Health: -4/147     AC: 18    Str: 18    XL:     8   Next: 36%
Magic:  8/8        EV: -5    Int: 11    God:    Trog [*****.]
Gold:   0          SH: 27    Dex: 11    Spells: 7/7 levels left

rFire   + . .      SeeInvis .    D - +6 shillelagh "Devastator" {shatter}
rCold   + . .      Faith    .    C - +18 shield of the Gong {rElec rN+ Will+ EV-5}
rNeg    + . .      Spirit   .    i - +5 gold dragon scales
rPois   +          Reflect  .    (helmet restricted)
rElec   +          Harm     .    (no cloak)
rCorr   .          Rampage  .    (gloves unavailable)
Will    +....      NoTele   +    (boots unavailable)
Stlth   ..........               (no amulet)
HPRegen 0.34/turn                (no ring)
MPRegen 0.11/turn                (no ring)

@: berserking (expiring), very quick
A: large, unfitting armour, tough skin 1
a: Renounce Religion, Berserk, Trog's Hand, Brothers in Arms


You were in the Dungeon.
You worshipped Trog.
Trog was extremely pleased with you.
You visited 1 branch

Inventory:

Hand Weapons
 B - the +14 obsidian axe {vorpal, Mesm Drain Fly SInv}
   (You found it in the Dungeon)

   It inflicts extra damage upon your enemies.
   It occasionally summons demons to assist the wielder when it strikes in
   combat.
   Its wielder is mesmerised by any visible foes.
   It cannot be unequipped while any foes are visible.
   SInv:      It lets you see invisible.
   Fly:       It grants you flight.
   Drain:     It drains your maximum health when unequipped.
 D - the +6 shillelagh "Devastator" (weapon) {shatter}
   (You found it in the Dungeon)

   It releases a powerful concussive burst when it strikes, dealing extra damage
   to the target and all other foes adjacent to them.
Armour
 a - a +0 robe
 i - +5 gold dragon scales (worn)
 C - the +18 shield of the Gong (worn) {rElec rN+ Will+ EV-5}
   (You found it in the Dungeon)

   It is deafeningly noisy when blocking attacks.
   EV:        It affects your evasion (-5).
   rElec:     It insulates you from electricity.
   rN:        It protects you from negative energy.
   Will:      It increases your willpower.
Jewellery
 s - a ring of flight
 t - a +6 ring of dexterity
 u - a +6 ring of dexterity
 v - a +6 ring of intelligence
 w - a +6 ring of intelligence
 x - a +6 ring of strength
 y - a +6 ring of strength
Wands
 z - a wand of mindburst (7)
 A - a wand of acid (7)
Scrolls
 h - 4 scrolls of blinking
 o - 4 scrolls of amnesia
 p - 7 scrolls of fog
 q - 5 scrolls of identify
 r - 2 scrolls of fear
Potions
 b - a potion of ambrosia
 c - 10 potions of curing
 d - 10 potions of heal wounds
 e - 6 potions of haste
 f - 7 potions of magic
 g - 3 potions of berserk rage
 j - 2 potions of brilliance
 k - 2 potions of invisibility
 l - 4 potions of resistance
 m - a potion of experience
 n - 5 potions of might
Miscellaneous
 E - a phial of floods (inert)
 F - a phial of floods (inert)


   Skills:
 + Level 12.2 Fighting
 + Level 4.6 Maces & Flails
 + Level 1.8 Armour
 + Level 8.3 Dodging
 + Level 2.9 Stealth
 + Level 6.7 Shields
 + Level 8.2 Unarmed Combat
 + Level 2.3 Evocations


You had 7 spell levels left.
You didn't know any spells.
Your spell library was empty.

Dungeon Overview and Level Annotations

Branches:
Dungeon (1/1)

Altars:
Ashenzari
Cheibriados
Dithmenos
Elyvilon
Fedhas
Gozag
Hepliaklqana
Kikubaaqudgha
Makhleb
Nemelex Xobeh
Okawaru
Qazlal
Ru
Sif Muna
Trog
Uskayaw
Vehumet
Wu Jian
Xom
Yredelemnul
Zin
The Shining One
Jiyva
Lugonu


Innate Abilities, Weirdness & Mutations

You are too large for most types of armour.
You have tough skin. (AC +1)


Message History

* * * LOW HITPOINT WARNING * * *
The air elemental hits you but does no damage.
The wind drake bites you but does no damage.
The air elemental hits you.
* * * LOW HITPOINT WARNING * * *
The air elemental hits you but does no damage.
The air elemental fires a burst of electricity at you.
The stunning burst hits the air elemental.
The air elemental completely resists.
The stunning burst hits you. You resist.
* * * LOW HITPOINT WARNING * * *
The wind drake bites you but does no damage.
The air elemental hits you!
* * * LOW HITPOINT WARNING * * *
You can move again.
You miss the wind drake.
The wind drake is lightly wounded.
The air elemental fires a burst of electricity at you.
The stunning burst hits you. You resist.
* * * LOW HITPOINT WARNING * * *
You block the air elemental's attack.
GONNNNG!
The air elemental hits you but does no damage.
The wind drake exhales a fierce blast of wind!
The wind drake and the air elemental are blown away by the wind.
The air elemental fires a burst of electricity at you.
The stunning burst hits you. You resist.
* * * LOW HITPOINT WARNING * * *
The air elemental hits you but does no damage.
You closely miss the air elemental.
The air elemental is almost destroyed.
The air elemental fires a burst of electricity at you.
The stunning burst hits the air elemental.
The air elemental completely resists.
The stunning burst hits you. You resist.
* * * LOW HITPOINT WARNING * * *
You block the air elemental's attack.
GONNNNG!
You block the air elemental's attack.
GONNNNG!
The air elemental hits you!
You die...

▓..::}..▓
▓..=||..▓
▓.......▓
▓..~....▓
▓..~....▓
▓...~~E.▓
▓..EEE..▓
▓..k@.k.▓
▓▓▓▓▓▓▓▓▓


You could see 2 wind drakes and 4 air elementals.

Vanquished Creatures
  An ice devil (D)
  A kobold demonologist (D)
  2 fire elementals (D)
  A hell hound (D)
  A necrophage (D)
  A wight (D)
  3 quasits (D)
  A shadow imp (D)
  2 white imps (D)
  4 ufetubi (D)
17 creatures vanquished.

Vanquished Creatures (others)
  A fire vortex (D)
1 creature vanquished.

Grand Total: 18 creatures vanquished

Notes
Turn   | Place    | Note
-------+----------+-------------------------------------------
     0 | D        | fingers the Ogre Monk began the quest for the Orb.
     0 | D        | Reached XP level 1. HP: 24/24 MP: 1/1
    15 | D        | Found a shimmering blue altar of Sif Muna.
    15 | D        | Found a bloodstained altar of Trog.
    15 | D        | Found a sacrificial altar of Ru.
    15 | D        | Found a stormy altar of Qazlal.
    15 | D        | Found an iron altar of Okawaru.
    16 | D        | Found a sparkling altar of Nemelex Xobeh.
    16 | D        | Found a blossoming altar of Fedhas.
    16 | D        | Found the +6 Majin-Bo {vamp, MP+6 Int+6}
    16 | D        | Found the +9 heavy crossbow "Sniper" {vorpal, Acc+∞ SInv}
    16 | D        | Found the +10 dark maul {vorpal}
    16 | D        | Found the +15 Maxwell's patent armour {-Cast -Tele rElec
                  | Will+ rCorr}
    16 | D        | Found the +18 shield of the Gong {rElec rN+ Will+ EV-5}
    16 | D        | Found the +14 obsidian axe {vorpal, Mesm Drain Fly SInv}
    16 | D        | Found the +7 great mace "Firestarter" {inner flame, rF++}
    16 | D        | Found the +6 shillelagh "Devastator" {shatter}
    16 | D        | Found the +11 plutonium sword {Contam Stlth-}
    16 | D        | Found the +8 lance "Wyrmbane" {slay drac, rPois rF+ rC+
                  | AC+3}
    16 | D        | Found the +9 sword of Zonguldrok {reap}
    16 | D        | Found the +13 scythe of Curses {drain, Drain}
    16 | D        | Found the +5 sword of Power {vorpal}
    16 | D        | Found the +7 mace of Variability {chain chaos}
    16 | D        | Found the +7 Singing Sword {vorpal, sonic wave}
    16 | D        | Found the +8 storm bow {elec, penet}
    18 | D        | Found a transporter.
    18 | D        | Found an ancient bone altar of Kikubaaqudgha.
    18 | D        | Found a viscous altar of Jiyva.
    18 | D        | Found a corrupted altar of Lugonu.
    18 | D        | Found a hazy altar of Hepliaklqana.
    18 | D        | Found a burning altar of Makhleb.
    18 | D        | Found an opulent altar of Gozag.
    82 | D        | Became a worshipper of Trog the Wrathful
    82 | D        | Reached * piety under Trog
    82 | D        | Reached ** piety under Trog
   105 | D        | Entered arena 2.
   105 | D        | Noticed a necrophage
   105 | D        | Noticed a wight
   105 | D        | Found a transporter.
   110 | D        | Killed a wight
   111 | D        | Reached skill level 6 in Fighting
   111 | D        | Reached XP level 2. HP: 37/37 MP: 2/2
   111 | D        | Reached XP level 3. HP: 45/45 MP: 3/3
   112 | D        | Killed a necrophage
   113 | D        | Reached skill level 7 in Fighting
   113 | D        | Reached skill level 5 in Dodging
   113 | D        | Reached skill level 1 in Shields
   113 | D        | Reached skill level 5 in Unarmed Combat
   113 | D        | Reached XP level 4. HP: 57/57 MP: 4/4
   309 | D        | Entered arena 3.
   309 | D        | Noticed a kobold demonologist
   309 | D        | Found a transporter.
   316 | D        | Killed a kobold demonologist
   316 | D        | Reached *** piety under Trog
   317 | D        | Reached skill level 10 in Fighting
   317 | D        | Reached XP level 5. HP: 70/70 MP: 5/5
   317 | D        | Reached XP level 6. HP: 79/79 MP: 6/6
   441 | D        | Entered arena 4.
   441 | D        | Found a transporter.
   448 | D        | Reached **** piety under Trog
   755 | D        | Entered arena 5.
   755 | D        | Noticed a hell hound
   755 | D        | Noticed a fire elemental
   755 | D        | Noticed a fire elemental
   755 | D        | Found a transporter.
   759 | D        | Killed a fire elemental
   760 | D        | Reached skill level 11 in Fighting
   760 | D        | Reached skill level 1 in Evocations
   760 | D        | Reached XP level 7. HP: 88/88 MP: 7/7
   763 | D        | Killed a fire elemental
   764 | D        | Reached skill level 1 in Armour
   764 | D        | Reached skill level 5 in Shields
   764 | D        | Reached ***** piety under Trog
   873 | D        | Entered arena 6.
   873 | D        | Noticed an ice devil
   873 | D        | Found a transporter.
   879 | D        | Reached XP level 8. HP: 98/98 MP: 8/8
   880 | D        | Killed an ice devil
   881 | D        | Reached skill level 12 in Fighting
  1024 | D        | Entered arena 7.
  1024 | D        | Noticed a wind drake
  1024 | D        | Noticed an air elemental
  1024 | D        | Noticed a wind drake
  1024 | D        | Noticed an air elemental
  1024 | D        | Noticed an air elemental
  1024 | D        | Noticed an air elemental
  1024 | D        | Paralysed by an air elemental for 1 turns
  1027 | D        | Paralysed by an air elemental for 1 turns
  1033 | D        | Paralysed by an air elemental for 1 turns
  1035 | D        | HP: 7/147 [air elemental/stunning burst (6)]
  1036 | D        | Slain by an air elemental

Illustrated notes

Levels and vault maps discovered:
D:        sprint_v [room_start, room_1, room_2, room_3, room_4, room_5, room_6,
          room_7, room_8, room_9, room_10, room_11, room_12, room_13, room_14,
          room_15, room_16, room_17, room_18, room_19, room_20, room_21,
          room_22, room_23, room_24, room_25, room_26, room_27]

Skill      XL: |  1  2  3  4  5  6  7  8 |
---------------+-------------------------+-----
Fighting       | 6 7 10 11 12 | 12.2
Dodging        | 4 5 7 8 |  8.3
Unarmed Combat | 4 5 7 8 |  8.2
Stealth        | 2 |  2.9
Shields        | 1 3 4 5 6 |  6.7
Maces & Flails | 2 4 |  4.6
Evocations     | 1 2 |  2.3
Armour         | 1 |  1.8

Action                   |  1- 3 |  4- 6 |  7- 9 || total
-------------------------+-------+-------+-------++-------
Melee: Shillelagh        |     4 |    13 |    16 ||    33
Invok: Berserk           |     1 |     2 |     2 ||     5
Evoke: Phial of floods   |       |     2 |     2 ||     4
Armor: Gold dragon scale |     2 |    21 |    28 ||    51
Dodge: Dodged            |       |       |     2 ||     2
Block: Kite shield       |     7 |    46 |    38 ||    91

Table legend: (Time is in decaauts)
 A = Elapsed time spent in this place.
 B = Non-inter-level travel time spent in this place.
 C = Inter-level travel time spent in this place.
 D = Time resting spent in this place.
 E = Time spent auto-exploring this place.
 F = Levels seen in this place.
 G = Mean time per level.
                   A        B        C        D        E       F      G
               +--------+--------+--------+--------+--------+-----+--------+
         Total |   1077 |   1073 |      4 |    857 |      6 |   1 | 1077.0 |
       Dungeon |   1077 |   1073 |      4 |    857 |      6 |   1 | 1077.0 |
               +--------+--------+--------+--------+--------+-----+--------+

Top non-repeatable levels by time:
       D: 1077 daAuts
